 Dungeon Crawl Stone Soup version 0.31-a0-841-g038b102fc3 (webtiles) character file.

Game seed: 4637091035309212078

18 Bravepunisher the Ducker (level 2, -2/16 HPs)
             Began as a Spriggan Monk on Sept 27, 2023.
             Killed by divine providence
             ... invoked by an orc priest
              (7 damage)
             ... on level 6 of the Dungeon.
             The game lasted 00:03:26 (716 turns).

Bravepunisher the Ducker (Spriggan Monk)             Turns: 716, Time: 00:03:28

Health: -2/16      AC:  2    Str:  7    XL:     2   Next: 48%
Magic:  3/3        EV: 19    Int: 11    God:
Gold:   8          SH:  0    Dex: 17    Spells: 1/1 levels left

rFire   . . .        e - +0 dagger (speed)
rCold   . . .        (no shield)
rNeg    . . .        b - +0 robe
rPois   .            (helmet restricted)
rElec   .            (no cloak)
rCorr   .            (gloves unavailable)
SInv    +            (boots unavailable)
Will    .....        (no amulet)
Stlth   ++           (no ring)
HPRegen 0.22/turn    (no ring)
MPRegen 0.08/turn

%: no passive effects
@: marked, very quick
A: very small, no large weapons, unfitting armour, see invisible, speed 3
a: no special abilities


You were on level 6 of the Dungeon.
You visited 1 branch of the dungeon, and saw 6 of its levels.

You collected 8 gold pieces.

Inventory:

Hand Weapons
 a - a +0 short sword
 e - a +0 dagger of speed (weapon)
Armour
 b - a +0 robe (worn)
Scrolls
 d - a scroll of poison {unknown}


   Skills:
 * Level 3.0 Fighting
 - Level 3.2 Short Blades
 + Level 4.4 Dodging


You had one spell level left.
You didn't know any spells.
Your spell library contained the following spells:

 Spells                   Type           Power      Damage    Failure   Level
 Sting                    Tmut/Pois      0%         1d3       34%         1


Dungeon Overview and Level Annotations

Branches:
Dungeon (6/15)
 Temple: D:4-7

Altars:

Shops:
D:2 *

Annotations:
D:6 Dowan


Innate Abilities, Weirdness & Mutations

You are very small and have problems with some larger weapons.
You are too small for most types of armour.
You have supernaturally acute eyesight. (SInv)
You cover ground extremely quickly. (Speed+++)


Message History

A kobold brigand and 4 kobolds come into view.
The kobold brigand is wielding a +0 short sword and quivering poisoned darts.
A kobold is wielding a +0 short sword and quivering poisoned darts.
Found 15 gold pieces and 6 atropa-tipped darts.
The kobold brigand shouts!
The kobold shouts! x4
The kobold brigand throws a poisoned dart.
The poisoned dart hits you!
You are poisoned.
The kobold shouts!
You hear a shout!
You feel sick.
Found an inky potion.
An orc comes into view.
It is wielding a +0 hand axe of freezing.
The kobold throws a stone.
The stone completely misses you.
The kobold throws a stone.
The stone completely misses you.
You feel sick.
You hit the orc.
The orc is moderately wounded.
You feel sick.
The kobold throws a poisoned dart.
The poisoned dart completely misses you.
The kobold attacks as it pursues you! The kobold misses you.
The orc misses you.
You feel sick.
You feel sick. The orc attacks as it pursues you! The orc misses you.
A malevolent force fills the Dungeon...
With a horrendous wail, an alarm goes off!
A sentinel's mark forms upon you.
You hear a shout! x6
The kobold throws a stone.
The stone completely misses you.
You feel sick.
You aren't carrying any potions.
You feel sick.
You are no longer poisoned.
The kobold throws a poisoned dart.
The poisoned dart barely misses you.
Found 11 gold pieces.
Dowan, Brother of Duvessa comes into view.
He is wielding a +0 dagger.
An orc comes into view. It is wielding a +0 dagger.
An orc priest comes into view. It is wielding a +0 club.
The orc moves out of view.
The orc priest invokes the aid of Beogh against you.
Beogh smites you!
You die...

..............#### ..
........!...K..KKs ...
...##.....K.##... ....
#..........###..
..##.##...K....#..K
..#.##........#..K .
#..###......K....
....#####.#.............
.......@...o............
..#.....##.###..........
#.#..##..# #.........
#o.... #... .........
..#..# ##... ....... ..
##. ...$.....##. . o.
..##e. ..# ... ... ..#


You could see an orc priest and 2 orcs.

Vanquished Creatures
  An adder (D:2)
  A goblin (D:2)
  A jackal (D:4)
  2 ball pythons
  2 bats
  3 kobolds
10 creatures vanquished.

Vanquished Creatures (others)
  A goblin (D:4)
1 creature vanquished.

Grand Total: 11 creatures vanquished

Notes
Turn   | Place    | Note
-------+----------+-------------------------------------------
     0 | D:1      | Bravepunisher the Spriggan Monk began the quest for the
                  | Orb.
     0 | D:1      | Reached XP level 1. HP: 11/11 MP: 2/2
   214 | D:2      | Found a faded altar of an unknown god.
   223 | D:2      | Got an embossed book
   249 | D:2      | Reached XP level 2. HP: 10/16 MP: 3/3
   384 | D:2      | Found Nollalac's Assorted Antiques.
   474 | D:5      | Entered Level 5 of the Dungeon
   519 | D:4      | Noticed a scorpion
   592 | D:5      | Noticed a scorpion
   656 | D:6      | Noticed a scorpion
   670 | D:6      | Noticed a scorpion
   697 | D:6      | Noticed a kobold brigand
   714 | D:6      | Noticed Dowan
   716 | D:6      | Killed from afar by an orc priest

Illustrated notes

Levels and vault maps discovered:
D:1:      minmay_arrival_widening_spiral_wide, layout_basic
D:2:      layout_basic, shapermc_ecumenical_altar_rom_forum, serial_shops,
          nicolae_diamond_shop, nicolae_shop_window_shopping,
          nicolae_shop_crystal, shop, chequers_serial_rivers_micro_a,
          grunt_decor_junction, nicolae_titane
D:3:      layout_basic, mainiacjoe_overflow_24_doors
D:4:      layout_rooms, grunt_temple_overflow_holy_war, minmay_quantized,
          uniq_crazy_yiuf_cottage
D:5:      layout_rooms, xom_confusion_cloud, vehumet_crystals, enter_ossuary_4,
          nrook_uturn, nicolae_fountain_basement
D:6:      layout_cave_pools, nicolae_ru_the_path_less_chosen,
          minmay_temple_entry_statues, uniq_duvessa

Skill      XL: |  1  2 |
---------------+-------+-----
Fighting       | 3 |  3.0
Short Blades   | |  3.2
Dodging        | |  4.4

Action                     || total
---------------------------++-------
  Melee: Short sword       ||    29
         Dagger            ||    24
    Use: Potion            ||     1
   Stab: Sleeping          ||     2
 Armour: Robe              ||    30
  Dodge: Dodged            ||   116

Table legend: (Time is in decaauts)
 A = Elapsed time spent in this place.
 B = Non-inter-level travel time spent in this place.
 C = Inter-level travel time spent in this place.
 D = Time resting spent in this place.
 E = Time spent auto-exploring this place.
 F = Levels seen in this place.
 G = Mean time per level.
                   A        B        C        D        E       F      G
               +--------+--------+--------+--------+--------+-----+--------+
         Total |    466 |    466 |      0 |      0 |    150 |   6 |   77.7 |
       Dungeon |    466 |    466 |      0 |      0 |    150 |   6 |   77.7 |
               +--------+--------+--------+--------+--------+-----+--------+

Top non-repeatable levels by time:
     D:2: 222 daAuts
     D:4: 109 daAuts
     D:1: 75 daAuts
     D:6: 36 daAuts
     D:3: 12 daAuts
     D:5: 10 daAuts
